AoeStats
← web

Arena

507400357Analyzed
1v1 RM · 13d ago on Sep 18, 2026· 39m 35s· 2 players
Game mode
Random Map
Map size
Tiny (2 player)
Population
200
Speed
Normal
Resources
Standard
Victory
Conquest
Starting age
Dark Age
Ending age
Imperial Age
RankedLock teamsTeams togetherTeam positionsShared explorationLock speedFull tech treeHidden civsTurbo modeCheats
Victory
Defeat
🇺🇸 Persians · United States
1387
+15
🇦🇷 Magyars · Argentina
1369
-15
Funebrero
11:00 Feudal Age
15:22 Castle Age
13:12 Double-Bit Axe
13:10 Horse Collar
16:24 Bow Saw
16:16 Heavy Plow
25:48 Wheelbarrow
25:02 Loom
25:33 Town Watch
31:14 Imperial Age
28:57 Fletching
30:33 Bodkin Arrow
31:50 Padded Archer Armor
32:03 Bracer
31:24 Pikeman
33:09 Two-Man Saw
32:39 Crop Rotation
32:00 Gold Mining
32:01 Stone Mining
32:53 Conscription
33:01 Parthian Tactics
32:53 Leather Archer Armor
33:01 Ballistics
33:54 Heavy Cavalry Archer
35:20 Ring Archer Armor
36:20 Scale Mail Armor
37:44 Masonry
39:40 Chain Mail Armor
38:49 Halberdier
web
10:35 Feudal Age
14:05 Castle Age
12:05 Double-Bit Axe
13:43 Horse Collar
16:50 Bow Saw
20:46 Horse Collar
24:20 Wheelbarrow
24:05 Heavy Plow
24:38 Gold Mining
25:52 Hand Cart
27:45 Stone Mining
31:47 Imperial Age
30:10 Loom
30:10 Town Watch
30:33 Scale Barding Armor
30:39 Forging
30:38 Husbandry
30:49 Bloodlines
31:38 Chain Barding Armor
30:53 Crossbowman
31:40 Thumb Ring
31:32 Cavalier
33:19 Iron Casting
33:19 Kamandaran
33:40 Conscription
33:51 Savar
35:04 Ballistics
35:45 Chemistry
35:30 Plate Barding Armor
36:00 Blast Furnace
36:53 Fletching
37:03 Padded Archer Armor
37:38 Kamandaran
37:59 Conscription
39:30 Bodkin Arrow
39:50 Leather Archer Armor
Connection lost

Rejoining the realm…

Still unreachable

The connection could not be restored.

Session expired

The server has moved on; the page needs a fresh start.